 Dungeon Crawl Stone Soup version 0.31.0-11-ge490571c62 (webtiles) character file.

Game seed: 6523320508607768155

4678 jasper the Spear-Bearer (level 10, -2/68 (86) HPs)
             Began as a Minotaur Berserker on Jan 28, 2024.
             Was an Elder of Trog.
             Killed from afar by a laughing skull (34 damage)
             ... with a bolt of negative energy
             ... on level 1 of the Abyss on Jan 29, 2024.
             The game lasted 00:12:28 (6630 turns).

jasper the Spear-Bearer (Minotaur Berserker)        Turns: 6630, Time: 00:12:29

HP:   -2/68 (86)    AC: 22    Str: 24    XL:     10   Next: 21%
MP:   0/9           EV: 13    Int:  4    God:    Trog [****..]
Gold: 367           SH:  8    Dex: 12    Spells: 9/9 levels left

rFire   . . .        S - +1 trident (protect)
rCold   . . .        d - +3 warlock's mirror {omnireflect}
rNeg    . . .        w - +0 plate armour
rPois   .            (helmet restricted)
rElec   .            i - +2 cloak
rCorr   .            y - +0 pair of gloves
SInv    .            A - +0 pair of boots
Will    ++...        L - amulet of guardian spirit Stlth
                     h - +4 ring of protection
HPRegen 1.31/turn    v - +5 ring of evasion
MPRegen 0.11/turn

%: reflection, guardian spirit
@: strong-willed, on berserk cooldown, regenerating, heavily drained
A: horns 2, retaliatory headbutt
a: Renounce Religion, Berserk, Trog's Hand, Brothers in Arms


You were on level 1 of the Abyss.
You worshipped Trog.
Trog was greatly pleased with you.
You visited 1 branch of the dungeon, and saw 8 of its levels.
You visited the Abyss 1 time.

You collected 367 gold pieces.

Inventory:

Hand Weapons
 a - a +1 hand axe
 m - a +0 trident
 n - a +1 sling
 S - a +1 trident of protection (weapon)
Missiles
 c - 76 stones (quivered)
 l - 3 darts of dispersal
 o - 4 poisoned darts
 s - 4 javelins
 B - 6 silver javelins
 H - a boomerang
Armour
 b - a +0 animal skin
 d - the +3 warlock's mirror (worn) {omnireflect}
   (You acquired it on level 2 of the Dungeon)

   Omnireflect: It can block and reflect piercing ranged attacks and magical
   attacks against the wielder's willpower.
 i - a +2 cloak (worn)
 j - a +0 ring mail
 r - a +0 chain mail
 w - a +0 plate armour (worn)
 y - a +0 pair of gloves (worn)
 A - a +0 pair of boots (worn)
 C - a +2 leather armour of poison resistance
Jewellery
 h - a +4 ring of protection (left hand)
 v - a +5 ring of evasion (right hand)
 E - an amulet of the acrobat
 G - a ring of protection from cold
 L - an amulet of guardian spirit (around neck)
Wands
 x - a wand of acid (9)
 D - a wand of polymorph (2)
Scrolls
 p - 2 scrolls of fog
 J - 2 scrolls of immolation
 K - a scroll of teleportation
 N - a scroll of torment {unknown}
 O - 4 scrolls of noise {unknown}
 P - a scroll of identify
 Q - 3 scrolls of enchant armour {unknown}
 R - a scroll of vulnerability {unknown}
Potions
 e - 3 potions of brilliance
 f - a potion of might
 g - 2 potions of resistance
 k - 3 potions of degeneration
 q - a potion of heal wounds
 t - 4 potions of curing
 u - 3 potions of lignification {unknown}
 z - 3 potions of mutation {unknown}
 F - 2 potions of attraction {unknown}
 I - 2 potions of invisibility {unknown}
 M - 2 potions of haste {unknown}


   Skills:
 * Level 7.4 Fighting
 - Level 4.4(9.9) Axes
 - Level 13.7(14.0) Polearms
 + Level 5.1 Armour
 + Level 4.6 Dodging
 - Level 5.1 Shields
 + Level 2.1 Evocations


You had 9 spell levels left.
You didn't know any spells.
Your spell library was empty.

Dungeon Overview and Level Annotations

Branches:
Dungeon (8/15)             Temple (0/1) D:6
   Lair: D:8-11

Altars:
Ru
Xom
Zin

Shops:
D:1 (


Innate Abilities, Weirdness & Mutations

You have a pair of horns on your head.
You reflexively headbutt those who attack you in melee.


Message History

The laughing skull barely misses you. You furiously retaliate!
You headbutt the laughing skull, but do no damage.
Your skin crawls.
You feel strong-willed.
The laughing skull cackles spitefully.
The bolt of negative energy hits the laughing skull.
The laughing skull completely resists.
Your +3 warlock's mirror {omnireflect} blocks the bolt of negative energy... and reflects it back!
The bolt of negative energy misses the laughing skull.
The bolt of negative energy hits the laughing skull.
The laughing skull completely resists.
The laughing skull cackles spitefully.
The bolt of negative energy hits the laughing skull.
The laughing skull completely resists.
The bolt of negative energy hits the laughing skull.
The laughing skull completely resists.
The bolt of negative energy misses you.
You miss the laughing skull.
Your headbutt misses the laughing skull.
The laughing skull headbutts you but does no damage.
You block the laughing skull's attack.
The laughing skull gibbers with scorn.
The bolt of negative energy hits the laughing skull.
The laughing skull completely resists.
The bolt of negative energy hits you!!
You feel drained.
You barely miss the laughing skull.
You headbutt the laughing skull, but do no damage.
The laughing skull is moderately damaged.
The laughing skull lets out a vicious peal of laugher.
The bolt of negative energy hits you!!
You feel drained.
* * * LOW HITPOINT WARNING * * *
The laughing skull misses you.
Unknown command.
You feel much better.
The laughing skull gibbers with scorn.
The bolt of negative energy misses you.
The laughing skull cackles spitefully.
The bolt of negative energy hits you!!
You feel drained.
Ouch! That really hurt!
You die...
The laughing skull crumbles to pieces from sheer joy.

.#.# . .. #
.###.#### #.
..#....#
#.###....#.#
......#... #
.#. #..## .
#...###@z.# .
.. ..#.#
.#z##.#..#
####. ..
.z##..# .
#....#z.# # #
..#..##.# ...
.#...z. #
#...#........
### ####..###
. ....


You could see 4 laughing skulls.

Vanquished Creatures
  A two-headed ogre (D:6)
  A worldbinder (Abyss:1)
  Grinder (D:3)
  3 yaks (D:7)
  Eustachio (D:6)
  A steam dragon (D:7)
  Edmund (D:6)
  A water moccasin (D:7)
  A sky beast (D:6)
  2 ice beasts
  A black bear (D:5)
  A small abomination (Abyss:1)
  2 ogres
  Blork the orc (D:6)
  2 phantoms (D:6)
  A kobold brigand (D:8)
  A gnoll sergeant (D:7)
  2 scorpions
  A bullfrog (D:7)
  11 wights
  6 killer bees (D:7)
  A howler monkey (D:5)
  A bombardier beetle (D:7)
  A jelly (D:7)
  An orc priest (D:4)
  A gnoll bouda (D:7)
  3 orc wizards
  A sleepcap (D:7)
  3 iguanas
  6 gnolls (D:7)
  9 adders
  A shadow imp (Abyss:1)
  3 white imps
  2 ufetubi (D:6)
  A dart slug (D:4)
  4 ribbon worms
  31 orcs
  6 endoplasms
  2 giant cockroaches
  6 goblins
  3 hobgoblins
  17 jackals
  5 quokkas
  4 ball pythons
  3 bats
  4 frilled lizards
  11 kobolds
  4 rats
176 creatures vanquished.

Notes
Turn   | Place    | Note
-------+----------+-------------------------------------------
     0 | D:1      | jasper the Minotaur Berserker began the quest for the Orb.
     0 | D:1      | Reached XP level 1. HP: 19/19 MP: 0/0
   485 | D:1      | Found Moemp's Weapon Shop.
   490 | D:1      | Reached XP level 2. HP: 26/26 MP: 1/1
  1063 | D:2      | Reached ** piety under Trog
  1121 | D:2      | Reached XP level 3. HP: 33/33 MP: 2/2
  1543 | D:2      | Identified a scroll of acquirement
  1543 | D:2      | Acquired the +3 warlock's mirror {omnireflect}
  1543 | D:2      | Found the +3 warlock's mirror {omnireflect}
  1825 | D:3      | Reached XP level 4. HP: 41/41 MP: 3/3
  1843 | D:3      | Noticed Grinder
  1851 | D:3      | Paralysed by Grinder for 3 turns
  1875 | D:3      | Killed Grinder
  1876 | D:3      | Reached skill level 5 in Polearms
  1876 | D:3      | Reached XP level 5. HP: 46/47 MP: 4/4
  1876 | D:3      | Reached XP level 6. HP: 52/53 MP: 5/5
  2361 | D:3      | Found a glowing silver altar of Zin.
  2950 | D:4      | Reached skill level 6 in Polearms
  3230 | D:4      | Reached skill level 7 in Polearms
  3244 | D:4      | Reached *** piety under Trog
  3639 | D:4      | Reached XP level 7. HP: 60/60 MP: 6/6
  3756 | D:5      | Entered Level 5 of the Dungeon
  3765 | D:5      | Found a sacrificial altar of Ru.
  3904 | D:5      | Reached skill level 8 in Polearms
  4026 | D:5      | Reached skill level 9 in Polearms
  4297 | D:5      | Found a shimmering altar of Xom.
  4692 | D:6      | Noticed Eustachio
  4706 | D:6      | Killed Eustachio
  4707 | D:6      | Reached skill level 10 in Polearms
  4707 | D:6      | Reached XP level 8. HP: 67/67 MP: 7/7
  4777 | D:6      | Noticed a two-headed ogre
  4784 | D:6      | Killed a two-headed ogre
  4785 | D:6      | Reached skill level 12 in Polearms
  4842 | D:6      | Found a staircase to the Ecumenical Temple.
  4937 | D:6      | Reached skill level 13 in Polearms
  4937 | D:6      | Reached XP level 9. HP: 66/72 MP: 6/8
  5334 | D:6      | Noticed Blork the orc
  5343 | D:6      | Killed Blork the orc
  5463 | D:6      | Noticed Edmund
  5469 | D:6      | Killed Edmund
  5783 | D:7      | Reached skill level 5 in Shields
  5804 | D:7      | Reached skill level 5 in Fighting
  5816 | D:7      | Reached **** piety under Trog
  6058 | D:7      | Reached skill level 1 in Evocations
  6077 | D:7      | Reached XP level 10. HP: 84/84 MP: 9/9
  6541 | Abyss:1  | Cast into level 1 of the Abyss (wight)
  6565 | Abyss:1  | Noticed a worldbinder
  6573 | Abyss:1  | Noticed a deep elf pyromancer
  6577 | Abyss:1  | Noticed a deep elf zephyrmancer
  6577 | Abyss:1  | Noticed a deep elf knight
  6577 | Abyss:1  | Noticed a deep elf zephyrmancer
  6587 | Abyss:1  | Killed a worldbinder
  6588 | Abyss:1  | Reached skill level 5 in Armour
  6630 | Abyss:1  | Killed from afar by a laughing skull

Illustrated notes

Levels and vault maps discovered:
D:1:      dpeg_arrival_three_bigger_balls, layout_basic, serial_shops, shop,
          serial_aquarium, aquarium_bridge_square [aquarium_subvault_wall,
          aquarium_subvault_bridge, aquarium_subvault_wall,
          aquarium_subvault_bridge], aquarium_window_1,
          aquarium_window_corridor_3, aquarium_window_fake, aquarium_window_1,
          aquarium_view_2e, aquarium_view_2d, aquarium_balcony_3a
D:2:      layout_basic
D:3:      layout_loops_ring, mainiacjoe_overflow_brackets, uniq_grinder
D:4:      layout_loops_cross, chequers_hall_statues_wall_a
D:5:      layout_loops_ring, mainiacjoe_overflow_catch_the_wave, serial_glass,
          glass_columns_b, glass_columns_a, glass_columns_c, glass_columns_a,
          feat_on_display, item_on_display_a, minmay_strange_pillars,
          due_unseen_surprise
D:6:      layout_loops_cross, minmay_temple_entry_mist, uniq_edmund,
          uniq_eustachio, uniq_blork_the_orc
D:7:      layout_cave_pools, serial_gnoll_camp, gnoll_camp_mini_hut,
          gnoll_camp_mini_doghouse, gnoll_camp_mini_hut, gnoll_camp_mini_basic
D:8:      layout_basic, grunt_lair_entry_orc_guard_hut,
          nicolae_shop_dragon_depot
Abyss:1:  base: D:3, guppyfry_abyss_exit_glass_guarded

Skill      XL: |  1  2  3  4  5  6  7  8  9 10 |
---------------+-------------------------------+-----
Axes           | 4 |  4.4
Fighting       | 4 6 7 |  7.4
Armour         | 3 4 5 |  5.1
Polearms       | 5 7 10 13 | 13.7
Shields        | 5 |  5.1
Dodging        | 4 |  4.6
Evocations     | 1 2 |  2.1

Action                     |  1- 3 |  4- 6 |  7- 9 | 10-12 || total
---------------------------+-------+-------+-------+-------++-------
  Melee: Hand axe          |    67 |       |       |       ||    67
         Headbutt          |     9 |    12 |    45 |    22 ||    88
         Trident           |     3 |   112 |   275 |    79 ||   469
   Fire: Sling             |    37 |    46 |       |       ||    83
  Throw: Stone             |       |     2 |     9 |       ||    11
 Invoke: Berserk           |       |     2 |     5 |     1 ||     8
         Trog's Hand       |       |       |     2 |     3 ||     5
    Use: Scroll            |     9 |     2 |     2 |       ||    13
         Potion            |       |       |       |     1 ||     1
   Stab: Paralysed         |       |     3 |       |       ||     3
 Armour: Animal skin       |     4 |       |       |       ||     4
         Ring mail         |    22 |       |       |       ||    22
         Chain mail        |       |     7 |       |       ||     7
         Plate armour      |       |    56 |    93 |    26 ||   175
  Dodge: Dodged            |    49 |    20 |    95 |    34 ||   198
  Block: Buckler           |     9 |    40 |    43 |    13 ||   105
         Reflection        |       |     2 |     2 |     1 ||     5
